cohdb
Replays
Latest Replays
All Replays
Popular Replays
Top Player Replays
Match Explorer
How It Works
Community
CoH3 Stats
Reddit
Sign in to upload your games and track your stats! →
Sign in with Steam
Match 43480624
Unlisted
Match 43480624
Overview
Messages
Build Orders
End
Construct Infanterie Kompanie
Kettenkrad Recon Vehicle
MG 42 Machine Gun Team
Selects Mechanized Battlegroup
Grenadier Squad
Grenadier Squad
Grenadier Squad
Construct Panzergrenadier Kompanie
Pak 40 Anti-tank Gun Team
251 Medium Carrier
Selects Raid Package
Panzergrenadier Squad
Selects StuG Assault Group
StuG Assault Group
Construct Panzer Kompanie
Sturmpanzer IV Brummbär
Selects UNKNOWN (2160084)
Selects Mobile Repair Stations
TheSlothInChargeOfEconomy
nateums
RunningWithFate
Onoyk
0
0
Comments
sign in to comment!
No comments posted yet!